 Seeded DCSS version 0.30-a0-1124-g6e8f0f562f (webtiles) character file.

Game seed: 10001 (custom seed)

66 Esekla the Sneak (level 4, -1/31 HPs)
             Began as an Octopode Delver on Apr 24, 2023.
             Slain by an ufetubus (5 damage)
             ... on level 5 of the Dungeon.
             The game lasted 00:01:37 (90 turns).

Esekla the Sneak (Octopode Delver)                    Turns: 90, Time: 00:01:37

Health: -1/31      AC:  1    Str: 11    XL:     4   Next: 15%
Magic:  5/5        EV: 13    Int: 14    God:
Gold:   12         SH:  0    Dex: 13    Spells: 5/5 levels left

rFire   . . .        a - +0 falchion
rCold   . . .        (no shield)
rNeg    . . .        (helmet restricted)
rPois   .            (no amulet)
rElec   .            (no ring)
rCorr   .            (no ring)
SInv    .            (no ring)
Will    .....        (no ring)
Stlth   +++++        (no ring)
HPRegen 0.25/turn    (no ring)
MPRegen 0.09/turn    (no ring)
                     (no ring)

%: no passive effects
@: hasted, very quick
A: almost no armour, amphibious, 8 rings, camouflage 1, gelatinous body 1,
(nimble swimmer 1), tentacles
a: no special abilities


You were on level 5 of the Dungeon.
You visited 1 branch of the dungeon, and saw 1 of its levels.

You collected 12 gold pieces.

Inventory:

Hand Weapons
 a - a +0 falchion (weapon)
Wands
 f - a wand of digging (3)
Scrolls
 b - a scroll of fog


   Skills:
 * Level 3.4 Fighting
 * Level 2.3 Long Blades
 * Level 2.3 Dodging
 + Level 7.5 Stealth
 * Level 1.0 Spellcasting


You had 5 spell levels left.
You didn't know any spells.
Your spell library was empty.

Dungeon Overview and Level Annotations

Branches:
Dungeon (5/15)
 Temple: D:4-7

Altars:
Hepliaklqana

Annotations:
D:5 Dowan, Duvessa


Innate Abilities, Weirdness & Mutations

You cannot wear most types of armour.
You are amphibious.
You can wear up to eight rings at the same time.
Your skin changes colour to match your surroundings (Stealth+).
Your rubbery body absorbs attacks. (AC +1, EV +1)
((You are camouflaged when in or above water. (Stealth+)))
You have tentacles for arms and can constrict up to eight enemies at once.


Message History

The orc wizard mumbles some strange words.
The orc wizard flickers and vanishes!
Deactivating autopickup; reactivate with Ctrl-A.
You hear a shout!
Something tries to affect you, but you resist.
You see here 12 gold pieces.
You now have 12 gold pieces.
Found 6 stones.
A magic dart appears from out of thin air!
The magic dart hits you.
You open the door.
An ufetubus comes into view.
Found a scroll labelled PUUXZE SATOE.
Found a stone staircase leading down.
There is an open door here.
The ufetubus barely misses you. The ufetubus closely misses you.
You close the door.
The ufetubus hits you. x2
You barely miss the ufetubus. Your grab misses the ufetubus.
You squeeze the ufetubus, but do no damage.
The ufetubus misses you. x2; The ufetubus barely misses you.
The ufetubus hits you.
Something unseen breaks down the door.
You feel yourself speed up. The ufetubus closely misses you.
The ufetubus hits you. x2
The ufetubus hits you but does no damage.
A magic dart appears from out of thin air!
The magic dart hits you.
* * * LOW HITPOINT WARNING * * *
The ufetubus hits you.
* * * LOW HITPOINT WARNING * * *
The ufetubus barely misses you. The ufetubus closely misses you.
The ufetubus hits you but does no damage.
The ufetubus attacks as you move away! The ufetubus misses you.
The ufetubus hits you.
* * * LOW HITPOINT WARNING * * *
There is an open door here.
An orc comes into view. It is wielding a +0 club.
You closely miss the ufetubus. Your grab misses the ufetubus.
Your squeeze misses the ufetubus. The ufetubus closely misses you.
The ufetubus hits you.
You die...

##.##.###*****#.# #.# ##.##.#
*,,,,..#### ##'## #.....#
*,*,,.....# ##...## ##.####
*,*,#####.###.....## ##.# *,*,*
#.##.......## * ####******,,,*
#.#........?#*** .,,*,,,,,.,,<*
#.'.........+,,,
*,**,****#...#####.#........>#***
,,,**,* #......@5.##.......## *
*,**,** #..o#########.....##
*,*,** #,*,* ##...## *,*,* *,,,**
##+## *,,,* ***,,* *,* ***,* **+*
*,* *,* *_* **,** *,* **+*
**,,,** ***,* *,,* *,,,,,******


You could see an orc and an ufetubus.

Vanquished Creatures
  A howler monkey (D:5)
  A hound (D:5)
2 creatures vanquished.

Notes
Turn   | Place    | Note
-------+----------+-------------------------------------------
     0 | D:5      | Esekla the Octopode Delver began the quest for the Orb.
     0 | D:5      | Reached XP level 1. HP: 16/16 MP: 1/1
     2 | D:5      | Noticed Duvessa
     2 | D:5      | Noticed Dowan
    26 | D:5      | Noticed a hound
    29 | D:5      | Killed a hound
    30 | D:5      | Reached skill level 7 in Stealth
    30 | D:5      | Reached XP level 2. HP: 14/21 MP: 2/2
    30 | D:5      | Reached XP level 3. HP: 17/26 MP: 3/3
    35 | D:5      | Noticed an ogre
    39 | D:5      | Found a hazy altar of Hepliaklqana.
    45 | D:5      | Reached skill level 1 in Spellcasting
    45 | D:5      | Reached XP level 4. HP: 21/31 MP: 3/5
    90 | D:5      | Slain by an ufetubus

Illustrated notes

Levels and vault maps discovered:
D:5:      minmay_clustersquares, layout_loops_corners,
          mainiacjoe_overflow_surrounded_room, kennysheep_mini,
          grunt_decor_fettered, uniq_edmund, uniq_pikel, uniq_duvessa,
          uniq_crazy_yiuf_cottage

Skill      XL: |  1  2  3 |
---------------+----------+-----
Stealth        | 7 |  7.5
Spellcasting   | 1 |  1.0
Fighting       | |  3.4
Long Blades    | |  2.3
Dodging        | |  2.3

Action                     |  1- 3 |  4- 6 || total
---------------------------+-------+-------++-------
  Melee: Falchion          |     6 |     2 ||     8
         Tentacles         |     3 |     1 ||     4
         Constrict         |     2 |       ||     2
    Use: Scroll            |     2 |       ||     2
         Potion            |       |     1 ||     1
 Armour: Skin              |       |     2 ||     2
  Dodge: Dodged            |     1 |    10 ||    11

Table legend: (Time is in decaauts)
 A = Elapsed time spent in this place.
 B = Non-inter-level travel time spent in this place.
 C = Inter-level travel time spent in this place.
 D = Time resting spent in this place.
 E = Time spent auto-exploring this place.
 F = Levels seen in this place.
 G = Mean time per level.
                   A        B        C        D        E       F      G
               +--------+--------+--------+--------+--------+-----+--------+
         Total |     88 |     88 |      0 |      0 |      0 |   1 |   88.0 |
       Dungeon |     88 |     88 |      0 |      0 |      0 |   1 |   88.0 |
               +--------+--------+--------+--------+--------+-----+--------+

Top non-repeatable levels by time:
     D:5: 88 daAuts
